 Dungeon Crawl Stone Soup version 0.28.0-49-g6dfe1f597d (webtiles) character file.

Game seed: 383640575025720523

95 styxcanada the Sneak (level 4, -1/23 HPs)
             Began as a Spriggan Brigand on May 15, 2022.
             Killed from afar by an orc wizard (9 damage)
             ... with a magic dart
             ... on level 3 of the Dungeon.
             The game lasted 00:06:18 (2182 turns).

styxcanada the Sneak (Spriggan Brigand)             Turns: 2182, Time: 00:06:19

Health: -1/23      AC:  3    Str:  7    XL:     4   Next: 40%
Magic:  5/5        EV: 18    Int: 12    God:
Gold:   44         SH:  0    Dex: 18    Spells: 3/3 levels left

rFire   . . .      SeeInvis +   a - +2 dagger
rCold   . . .      Faith    .   (no shield)
rNeg    . . .      Spirit   .   b - +0 robe
rPois   .          Reflect  .   (helmet restricted)
rElec   .          Harm     .   c - +0 cloak
rCorr   .          Rampage  .   (gloves unavailable)
Will    .....                   (boots unavailable)
Stlth   ++........              (no amulet)
HPRegen 0.07/turn               (no ring)
MPRegen 0.09/turn               (no ring)

@: confused, very quick
A: very small, no large weapons, unfitting armour, see invisible, speed 3
a: no special abilities


You were on level 3 of the Dungeon.
You visited 1 branch of the dungeon, and saw 3 of its levels.

You collected 77 gold pieces.
You spent 33 gold pieces at shops.

Inventory:

Hand Weapons
 a - a +2 dagger (weapon)
 n - a +0 falchion of electrocution
Missiles
 d - 8 poisoned darts (quivered)
 e - 2 curare-tipped darts
 f - 90 stones
 l - 6 datura-tipped darts
Armour
 b - a +0 robe (worn)
 c - a +0 cloak (worn)
Jewellery
 g - a ring of ice
Scrolls
 i - a scroll of teleportation {unknown}
 m - a scroll of noise {unknown}
Potions
 h - a potion of curing {unknown}
 j - a potion of heal wounds {unknown}
 k - a potion of mutation {unknown}


   Skills:
 * Level 2.2 Fighting
 + Level 2.5 Short Blades
 + Level 2.0 Throwing
 * Level 2.8 Dodging
 * Level 7.4 Stealth


You had 3 spell levels left.
You didn't know any spells.
Your spell library was empty.

Dungeon Overview and Level Annotations

Branches:
Dungeon (3/15)

Altars:

Shops:
D:2 *


Innate Abilities, Weirdness & Mutations

You are very small and have problems with some larger weapons.
You are too small for most types of armour.
You have supernaturally acute eyesight. (SInv)
You cover ground extremely quickly. (Speed+++)


Message History

You bump into the rock wall.
The orc wizard hits you with a +0 dagger.
You bump into the rock wall.
The orc wizard looks more healthy.
The orc wizard closely misses you.
The orc wizard mumbles some strange words.
The orc wizard flickers and vanishes for a moment.
Non-targeted confused throw: 9 darts (poison)
Press: ? - help, Q - select action, (/) - cycle Dir - look around, f - activate You throw a poisoned dart.
The orc wizard completely misses you.
Unknown command.
You bump into the rock wall.
The orc wizard hits you with a +0 dagger.
Unknown command.
You hit the orc wizard.
You kill the orc wizard!
Things that are here:
a +0 dagger; an orc corpse You bump into the rock wall.
You hit the frilled lizard.
The frilled lizard is heavily wounded.
You feel less confused. The frilled lizard misses you.
You miss the frilled lizard.
The frilled lizard is heavily wounded.
The frilled lizard barely misses you.
You hit the frilled lizard.
You kill the frilled lizard!
You hit the orc wizard.
The orc wizard is lightly wounded.
The orc wizard casts a spell at you.
You are confused.
You bump into the rock wall.
The orc wizard completely misses you.
You bump into the rock wall.
The orc wizard closely misses you.
The orc wizard hits you with a +0 dagger.
You bump into the rock wall.
The orc wizard closely misses you.
You bump into the rock wall.
The orc wizard points at you and mumbles some strange words.
The magic dart hits you!
You die...

##+## #.# #...#
##...###.# ....#
#.....##.######...#
.......#.........# ..
........####...#.####...
.......<'...............
........####...........#
.......## #..##.###.[..
#.....## #.###@# ##
##...## #.#.o.# ##'##
#.#(### #.# #.#)# #.#
#..o...# ###.## ###.##.#
.....###### #.# #
#........... #.#
##....###### #.#


You could see an orc wizard (invisible).

Vanquished Creatures
  An orc wizard (D:3)
  2 adders (D:2)
  2 worms (D:2)
  2 dart slugs
  An orc (D:3)
  6 bats
  4 endoplasms
  A giant cockroach (D:2)
  4 goblins (D:1)
  3 hobgoblins
  3 jackals (D:1)
  A quokka (D:1)
  7 ball pythons
  3 frilled lizards
  A kobold (D:1)
  A rat (D:1)
42 creatures vanquished.

Notes
Turn   | Place    | Note
-------+----------+-------------------------------------------
     0 | D:1      | styxcanada the Spriggan Brigand began the quest for the
                  | Orb.
     0 | D:1      | Reached XP level 1. HP: 10/10 MP: 2/2
    37 | D:1      | Reached skill level 6 in Stealth
   230 | D:1      | Reached XP level 2. HP: 15/15 MP: 3/3
  1132 | D:1      | Reached XP level 3. HP: 18/18 MP: 4/4
  1438 | D:2      | Reached skill level 7 in Stealth
  1464 | D:2      | Found Zeakore's General Store.
  1484 | D:2      | Bought 6 datura-tipped darts for 33 gold pieces
  2092 | D:2      | Reached XP level 4. HP: 23/23 MP: 5/5
  2182 | D:3      | Killed from afar by an orc wizard

Illustrated notes

Levels and vault maps discovered:
D:1:      evilmike_arrival_hilbert_curve, layout_basic
D:2:      layout_loops_ring, serial_shops, shop_statue
D:3:      layout_loops_corners, serial_shops, nicolae_shop_hallway_stairs,
          shapermc_ecumenical_altar_venn

Skill      XL: |  1  2  3 |
---------------+----------+-----
Stealth        | 6 7 |  7.4
Dodging        | 2 |  2.8
Fighting       | 2 |  2.2
Short Blades   | |  2.5
Throwing       | |  2.0

Action                   |  1- 3 |  4- 6 || total
-------------------------+-------+-------++-------
Melee: Dagger            |   116 |    12 ||   128
Throw: Dart              |     9 |     4 ||    13
 Stab: Sleeping          |    17 |     1 ||    18
Armor: Robe              |    16 |     1 ||    17
Dodge: Dodged            |    73 |     9 ||    82
